 Dungeon Crawl Stone Soup version 0.28.0 (webtiles) character file.

Game seed: 8289863690248054408

88 Ayyar the Insei (level 4, -5/34 HPs)
             Began as a Gnoll Transmuter on Apr 29, 2022.
             Slain by Ijyb (14 damage)
             ... while paralysed by Ijyb
             ... on level 3 of the Dungeon.
             The game lasted 00:05:36 (2326 turns).

Ayyar the Insei (Gnoll Transmuter)                  Turns: 2326, Time: 00:05:37

Health: -5/34      AC:  2    Str: 11    XL:     4   Next: 54%
Magic:  11/11      EV:  2    Int: 13    God:
Gold:   112        SH:  0    Dex: 12    Spells: 5/13 levels left

rFire   . . .      SeeInvis .     - Unarmed
rCold   . . .      Faith    .   (no shield)
rNeg    . . .      Spirit   .   a - +0 robe
rPois   .          Reflect  .   (helmet currently unavailable)
rElec   .          Harm     .   (no cloak)
rCorr   .          Rampage  .   (no gloves)
Will    .....                   (boots currently unavailable)
Stlth   ++........              (no amulet)
HPRegen 0.11/turn               (no ring)
MPRegen 0.12/turn               (no ring)

@: paralysed, appendages
A: horns 2, talons 2, fangs 1, strong nose, distributed training
a: End Transformation


You were on level 3 of the Dungeon.
You had temporarily grown beastly horns and talons.
You visited 1 branch of the dungeon, and saw 3 of its levels.

You collected 112 gold pieces.

Inventory:

Armour
 a - a +0 robe (worn)
Scrolls
 b - 3 scrolls of magic mapping {unknown}
 c - a scroll of identify {unknown}
Potions
 d - a potion of degeneration {unknown}


   Skills:
 + Level 2.8 Fighting
 + Level 1.2 Short Blades
 + Level 1.2 Long Blades
 + Level 1.2 Axes
 + Level 1.2 Maces & Flails
 + Level 1.2 Polearms
 + Level 1.2 Staves
 + Level 1.2 Slings
 + Level 1.2 Bows
 + Level 1.2 Crossbows
 + Level 1.2 Throwing
 + Level 1.2 Armour
 + Level 4.6 Dodging
 + Level 1.2 Stealth
 + Level 1.2 Shields
 + Level 6.6 Unarmed Combat
 + Level 5.1 Spellcasting
 + Level 1.0 Conjurations
 + Level 1.0 Hexes
 + Level 1.0 Summonings
 + Level 1.0 Necromancy
 + Level 1.0 Translocations
 + Level 3.8 Transmutations
 + Level 1.0 Fire Magic
 + Level 1.0 Ice Magic
 + Level 1.0 Air Magic
 + Level 1.0 Earth Magic
 + Level 1.0 Poison Magic
 + Level 1.3 Invocations
 + Level 1.2 Evocations


You had 5 spell levels left.
You knew the following spells:

 Your Spells              Type           Power      Damage    Failure   Level
a - Beastly Appendage     Tmut           26%        N/A       3%          1
b - Spider Form           Tmut/Pois      9%         N/A       21%         3
c - Ice Form              Ice/Tmut       9%         N/A       56%         4

Your spell library contained the following spells:

 Spells                   Type           Power      Damage    Failure   Level
 Wereblood                Tmut           13%        N/A       6%          2


Dungeon Overview and Level Annotations

Branches:
Dungeon (3/15)

Altars:

Shops:
D:1 =

Annotations:
D:3 Ijyb


Innate Abilities, Weirdness & Mutations

You have temporarily grown beastly horns and talons.
You have very sharp teeth.
Your uncanny sense of smell can sniff out nearby items.
Your experience applies equally to all skills.


Message History

The goblin shouts!
The adder hisses angrily.
Ijyb zaps a wand.
You resist with some effort.
Casting: Beastly Appendage (safe; 3% risk of failure)
Confirm with . or Enter, or press ? or * to list all spells.
You extend your transformation's duration.
A hobgoblin comes into view.
The adder bites you.
You hit the adder.
The adder is lightly wounded.
Ijyb drinks a potion.
Ijyb seems to grow stronger.
The adder barely misses you.
You hit the adder. Your kick misses the adder.
The adder is heavily wounded.
Ijyb screams, "You nasty!
Big nasty!"
The adder bites you.
You barely miss the adder. Your headbutt misses the adder.
The adder is heavily wounded.
The adder closely misses you.
You closely miss the adder. Your kick misses the adder. You headbutt the adder.
The adder is almost dead.
The adder bites you.
You punch the adder!
You kill the adder!
Your Conjurations skill increases to level 1!
Your Hexes skill increases to level 1!
Your Summonings skill increases to level 1!
Your Necromancy skill increases to level 1!
Your Translocations skill increases to level 1!
Your Fire Magic skill increases to level 1!
Your Ice Magic skill increases to level 1!
Your Air Magic skill increases to level 1!
Your Earth Magic skill increases to level 1!
Your Poison Magic skill increases to level 1!
Ijyb zaps a wand.
You suddenly lose the ability to move!
Ijyb hits you with a +6 club.
Ijyb zaps a wand.
You resist with some effort. Ijyb hits you with a +6 club!
* * * LOW HITPOINT WARNING * * *
Ijyb zaps a wand.
You shrug off the repeated paralysis!
Ijyb hits you with a +6 club!
You die...

###### #....#
#....# ####....#
......(.######
........+ ..(#
#...g####.#########
#...gg@............
#..#######..#######
#. #...### #
#.....# #####..##.#
.........>#
####....)# ##.##.#
#..#.#


You could see Ijyb (strong), a hobgoblin and a goblin.

Vanquished Creatures
  2 adders
  2 dart slugs
  3 bats
  7 endoplasms
  3 giant cockroaches
  9 goblins
  4 hobgoblins
  10 jackals (D:1)
  5 kobolds
  4 ball pythons
  3 frilled lizards
  7 rats
59 creatures vanquished.

Notes
Turn   | Place    | Note
-------+----------+-------------------------------------------
     0 | D:1      | Ayyar the Gnoll Transmuter began the quest for the Orb.
     0 | D:1      | Reached XP level 1. HP: 17/17 MP: 6/6
    69 | D:1      | Reached XP level 2. HP: 12/23 MP: 5/7
   265 | D:1      | Found Tafoul's Jewellery Shop.
   762 | D:1      | Reached XP level 3. HP: 26/28 MP: 7/9
   765 | D:1      | Reached skill level 5 in Spellcasting
  1140 | D:1      | Found a faded altar of an unknown god.
  1241 | D:1      | Reached skill level 1 in Invocations
  1517 | D:2      | Reached skill level 1 in Short Blades
  1517 | D:2      | Reached skill level 1 in Long Blades
  1517 | D:2      | Reached skill level 1 in Axes
  1517 | D:2      | Reached skill level 1 in Maces & Flails
  1517 | D:2      | Reached skill level 1 in Polearms
  1517 | D:2      | Reached skill level 1 in Staves
  1517 | D:2      | Reached skill level 1 in Slings
  1517 | D:2      | Reached skill level 1 in Bows
  1517 | D:2      | Reached skill level 1 in Crossbows
  1517 | D:2      | Reached skill level 1 in Throwing
  1517 | D:2      | Reached skill level 1 in Armour
  1517 | D:2      | Reached skill level 1 in Stealth
  1517 | D:2      | Reached skill level 1 in Shields
  1517 | D:2      | Reached skill level 1 in Evocations
  1790 | D:2      | Reached XP level 4. HP: 34/34 MP: 9/11
  2132 | D:2      | Learned a level 3 spell: Spider Form
  2137 | D:2      | Learned a level 4 spell: Ice Form
  2305 | D:3      | Noticed Ijyb
  2321 | D:3      | Reached skill level 1 in Conjurations
  2321 | D:3      | Reached skill level 1 in Hexes
  2321 | D:3      | Reached skill level 1 in Summonings
  2321 | D:3      | Reached skill level 1 in Necromancy
  2321 | D:3      | Reached skill level 1 in Translocations
  2321 | D:3      | Reached skill level 1 in Fire Magic
  2321 | D:3      | Reached skill level 1 in Ice Magic
  2321 | D:3      | Reached skill level 1 in Air Magic
  2321 | D:3      | Reached skill level 1 in Earth Magic
  2321 | D:3      | Reached skill level 1 in Poison Magic
  2321 | D:3      | Paralysed by Ijyb for 7 turns
  2326 | D:3      | Slain by Ijyb

Illustrated notes

Levels and vault maps discovered:
D:1:      heliophobic_arrival_battle_scene, layout_basic, serial_shops,
          nicolae_lakefront_shop, ebering_ecumenical_altar_sacrificial
D:2:      layout_basic
D:3:      layout_basic, grunt_qazlal_clouds, gammafunk_ghost_smash, uniq_ijyb

Skill      XL: |  1  2  3  4 |
---------------+-------------+-----
Spellcasting   | 5 |  5.1
Invocations    | 1 |  1.3
Short Blades   | 1 |  1.2
Long Blades    | 1 |  1.2
Axes           | 1 |  1.2
Maces & Flails | 1 |  1.2
Polearms       | 1 |  1.2
Staves         | 1 |  1.2
Slings         | 1 |  1.2
Bows           | 1 |  1.2
Crossbows      | 1 |  1.2
Throwing       | 1 |  1.2
Armour         | 1 |  1.2
Stealth        | 1 |  1.2
Shields        | 1 |  1.2
Evocations     | 1 |  1.2
Conjurations   | 1 |  1.0
Hexes          | 1 |  1.0
Summonings     | 1 |  1.0
Necromancy     | 1 |  1.0
Translocations | 1 |  1.0
Fire Magic     | 1 |  1.0
Ice Magic      | 1 |  1.0
Air Magic      | 1 |  1.0
Earth Magic    | 1 |  1.0
Poison Magic   | 1 |  1.0
Fighting       | |  2.8
Dodging        | |  4.6
Unarmed Combat | |  6.6
Transmutations | |  3.8

Action                   |  1- 3 |  4- 6 || total
-------------------------+-------+-------++-------
Melee: Unarmed           |   106 |    22 ||   128
       Kick              |    22 |     6 ||    28
       Headbutt          |    17 |     2 ||    19
       Bite              |     5 |     2 ||     7
       Punch             |     2 |       ||     2
 Cast: Beastly Appendage |    23 |     8 ||    31
       Spider Form       |       |     1 ||     1
 Stab: Sleeping          |     1 |     2 ||     3
Armor: Robe              |    16 |       ||    16
Dodge: Dodged            |    86 |    10 ||    96
